 Dungeon Crawl Stone Soup version 0.27-a0-1281-ge233d83751 (webtiles) character file.

Game seed: 10167760154050400874

113 deletemesenpai the Skirmisher (level 4, -5/40 HPs)
             Began as a Hill Orc Fighter on June 13, 2021.
             Succumbed to a water moccasin's poison
             ... on level 3 of the Dungeon.
             The game lasted 00:05:20 (3173 turns).

deletemesenpai the Skirmisher (Hill Orc Fighter)    Turns: 3173, Time: 00:05:20

Health: -5/40      AC:  7    Str: 18    XL:     4   Next: 96%
Magic:  4/4        EV:  7    Int:  8    God:
Gold:   103        SH:  0    Dex: 11    Spells: 3/3 levels left

rFire    . . .     SeeInvis .   a - +0 war axe
rCold    . . .     Faith    .   c - +0 kite shield
rNeg     . . .     Spirit   .   b - +0 scale mail
rPois    .         Reflect  .   (no helmet)
rElec    .         Harm     .   (no cloak)
rCorr    .         Rampage  .   (no gloves)
Will     .....                  (no boots)
Stlth    ..........             (no amulet)
HPRegen  0.13/turn              (no ring)
MPRegen  0.09/turn              (no ring)

@: confused, lethally poisoned (-5 -> -34)
A: no striking features
a: no special abilities


You were on level 3 of the Dungeon.
You visited 1 branch of the dungeon, and saw 4 of its levels.

You collected 103 gold pieces.

Inventory:

Hand Weapons
 a - a +0 war axe (weapon)
Missiles
 h - 10 poisoned darts (quivered)
Armour
 b - a +0 scale mail (worn)
 c - a +0 kite shield (worn)
Jewellery
 i - a ring of protection from cold
Scrolls
 d - a scroll of noise {unknown}
 e - a scroll of magic mapping {unknown}
 f - 2 scrolls of enchant weapon {unknown}
 g - a scroll of teleportation {unknown}
 k - 2 scrolls of identify {unknown}
 l - a scroll of blinking {unknown}


   Skills:
 + Level 4.1 Fighting
 + Level 3.7(4.2) Axes
 * Level 1.6(2.5) Maces & Flails
 * Level 1.5(2.5) Polearms
 + Level 4.0 Armour
 + Level 3.9 Shields


You had 3 spell levels left.
You didn't know any spells.
Your spell library contained the following spells:

 Spells                   Type           Power      Damage    Failure   Level
 Magic Dart               Conj           0%         1d3       99%         1
 Blink                    Tloc           N/A        N/A       100%        2
 Call Imp                 Summ           0%         N/A       100%        2
 Slow                     Hex            0%         N/A       100%        2
 Conjure Flame            Conj/Fire      0%         6-21      100%        3
 Mephitic Cloud           Conj/Pois/Air  0%         N/A       100%        3


Dungeon Overview and Level Annotations

Branches:
Dungeon (4/15)
 Temple: D:4-7

Altars:
Gozag

Shops:
D:4 [


Message History

You climb downwards.
A kobold and an orc wizard come into view.
The orc wizard shouts!
The kobold shouts!
You hear an angry hiss.
Found a ruby potion.
Found Zedeil's Antique Armour Shoppe.
Found a stone staircase leading down.
There is a stone staircase leading up here.
A water moccasin comes into view.
There is a stone staircase leading up here.
The orc wizard barely misses you. The kobold hits you but does no damage.
The orc wizard hits you with a +0 dagger.
You hit the orc wizard.
The orc wizard is heavily wounded.
Your shield prevents you from hitting the kobold.
You block the kobold's attack.
The orc wizard hits you but does no damage.
The kobold barely misses you.
The orc wizard gestures at you while chanting.
You are confused.
There is a stone staircase leading up here.
The water moccasin bites you!
You are poisoned.
The water moccasin poisons you! The kobold hits you with a +0 whip.
In your confused state, you trip and fall back down the stairs.
You feel very sick. The water moccasin bites you.
You are lethally poisoned!
The water moccasin poisons you! The kobold completely misses you.
The orc wizard hits you but does no damage.
The water moccasin bites you.
You are more poisoned.
The water moccasin poisons you!
* * * LOW HITPOINT WARNING * * *
You feel extremely sick.
The water moccasin bites you but does no damage.
The kobold hits you with a +0 whip.
* * * LOW HITPOINT WARNING * * *
The orc wizard hits you with a +0 dagger.
* * * LOW HITPOINT WARNING * * *
You climb upwards.
You die...

#.........# #.......#.##.#
#.........# ###.......#..#.(
#.........####.........##....
##............#.#.......####..
#....###.####...#.......# ###
#.....##..# ##..........# #
#.......#.###..##....รท..######
#.....#.....S.###.......##..).
#.....###....@###...##........
#..##.###.#..oK......#.#......
#..##.....#####...............
######.#### #........#......
#.# #..()........... ###
##......##).....
#.......##......
#.......##......
#.......##......


You could see a water moccasin, an orc wizard and a kobold.

Vanquished Creatures
  An iguana (D:3)
  4 adders
  A worm (D:2)
  2 dart slugs
  4 orcs (D:3)
  5 bats
  3 endoplasms
  3 giant cockroaches
  5 goblins
  A hobgoblin (D:1)
  5 kobolds
  3 ball pythons
  3 frilled lizards
  3 rats
43 creatures vanquished.

Notes
Turn   | Place    | Note
-------+----------+-------------------------------------------
     0 | D:1      | deletemesenpai the Hill Orc Fighter began the quest for the
                  | Orb.
     0 | D:1      | Reached XP level 1. HP: 19/19 MP: 1/1
    30 | D:1      | Found a faded altar of an unknown god.
   281 | D:1      | Reached XP level 2. HP: 20/27 MP: 2/2
   934 | D:2      | Found an opulent altar of Gozag.
  1221 | D:2      | Reached XP level 3. HP: 31/31 MP: 3/3
  1790 | D:2      | Reached skill level 1 in Maces & Flails
  1794 | D:2      | Reached skill level 1 in Polearms
  2345 | D:2      | You fall into a shaft and drop 1 floor!
  2384 | D:3      | Reached XP level 4. HP: 16/40 MP: 4/4
  3161 | D:4      | Found Zedeil's Antique Armour Shoppe.
  3165 | D:4      | Noticed a water moccasin
  3173 | D:3      | Succumbed to a water moccasin's poison

Illustrated notes

Levels and vault maps discovered:
D:1:      minmay_arrival_four_loops, layout_basic,
          shapermc_ecumenical_altar_venn, minmay_misc_feat_more_columns
D:2:      layout_basic, serial_co_window_serial, co_window_paths_a,
          co_window_paths_a, co_window_corner_a, co_window_cross_1,
          co_window_paths_a, co_window_broadway_c, co_window_broadway_b,
          co_window_broadway_a, co_window_unsneaky_path_a, co_window_paths_c,
          co_window_corner_cb, co_window_broadway_a, glass_columns_a,
          basic_altar
D:3:      layout_rooms
D:4:      layout_layer_cave, minmay_temple_entry_large_hall, serial_shops,
          shop_coins, nicolae_shop_crystal, kennysheep_mini, shop,
          kennysheep_pointless_box

Skill      XL: |  1  2  3  4 |
---------------+-------------+-----
Axes           | 3 |  3.7
Fighting       | 4 |  4.1
Maces & Flails | 1 |  1.6
Polearms       | 1 |  1.5
Armour         | 4 |  4.0
Shields        | |  3.9

Action                   |  1- 3 |  4- 6 || total
-------------------------+-------+-------++-------
Melee: War axe           |    80 |    46 ||   126
  Use: Potion            |     1 |     1 ||     2
Armor: Scale mail        |    47 |    28 ||    75
Dodge: Dodged            |    21 |    22 ||    43
Block: Kite shield       |    54 |    36 ||    90

Table legend: (Time is in decaauts)
 A = Elapsed time spent in this place.
 B = Non-inter-level travel time spent in this place.
 C = Inter-level travel time spent in this place.
 D = Time resting spent in this place.
 E = Time spent auto-exploring this place.
 F = Levels seen in this place.
 G = Mean time per level.
                   A        B        C        D        E       F      G
               +--------+--------+--------+--------+--------+-----+--------+
         Total |   3242 |   3212 |     30 |    904 |   1748 |   4 |  810.5 |
       Dungeon |   3242 |   3212 |     30 |    904 |   1748 |   4 |  810.5 |
               +--------+--------+--------+--------+--------+-----+--------+

Top non-repeatable levels by time:
     D:2: 1472 daAuts
     D:1: 909 daAuts
     D:3: 848 daAuts
     D:4: 12 daAuts
